[Event "*** Titled Tuesday Blitz"]
[Site "Chess.com"]
[Date "2018.12.04"]
[Round "1"]
[White "ViIIagra"]
[Black "pedromartinez91"]
[Result "1/2-1/2"]
[WhiteElo "2700"]
[BlackElo "2389"]
[TimeControl "180+2"]
[EndTime "13:08:26 PST"]
[Termination "Game drawn by repetition"]

1. e4 c5 2. Nf3 Nc6 3. Bb5 g6 4. O-O Bg7 5. Nc3 Nd4 6. Bc4 e6 7. d3 Ne7 8. Re1 Nec6 9. Nxd4 Nxd4 10. Bf4 d6 11. Rb1 O-O 12. a3 b6 13. Ba2 a5 14.
a4 Ba6 15. Be3 Qd7 16. Bc4 Bb7 17. Bxd4 Bxd4 18. Nb5 Bg7 19. c3 d5 20. Ba2 Bc6 21.
Qb3 Bxb5 22. Qxb5 Qxb5 23. axb5 dxe4 24. Rxe4 Rfd8 25. Bc4 a4 26. Ree1 a3 27. Rec1 axb2 28. Rxb2 Ra3 29. Rbc2 Rda8 30. Kf1 Ra1 31. Ke2 Rxc1 32.
Rxc1 Ra3 33. Rc2 Bxc3 34. Ra2 Rxa2+ 35. Bxa2 Bd4 36. Bc4 Kf8 37. f4 h5 38. Kf3 Ke7 39. g3 f6 40. Kg2 f5 41. Kf3 Kf6 42.
h4 e5 43. fxe5+ Bxe5 44. Bd5 Bd6 45. Bc6 g5 46. Be8 f4 47. hxg5+ Kxg5 48. gxf4+ Bxf4 49. Bxh5 Kf5 50. Bf7 Ke5 51. Bc4 Bd2 52. Kg4 Ba5 53. Kh5 Kf5 54. Kh6 Kf6 55. Kh7 Ke5 56. Kg7 Bc3 57.
Kf7 Ba5 58. Ke7 Bc3 59. Kd7 Ba5 60. Kc6 Kd4 61. Kd6 Bc3 62. Kc7 Ba5 63. Kc6 Ke5 64.
Kc7 Kd4 65. Kc6 Ke5 66. Kc7 Kd4 67. Kc6 Ke5 68. Kc7 Kd4 69. Kc6 1/2-1/2

[Event "*** Titled Tuesday Blitz"]
[Site "Chess.com"]
[Date "2018.12.04"]
[Round "1"]
[White "PawnEatingZombie"]
[Black "TregubovP"]
[Result "0-1"]
[WhiteElo "2223"]
[BlackElo "2573"]
[TimeControl "180+2"]
[EndTime "13:08:29 PST"]
[Termination "TregubovP won on time"]

1. d4 Nf6 2. c4 e6 3. Nc3 Bb4 4. Qc2 Nc6 5. Nf3 O-O 6. Bd2 d6 7. a3 Bxc3 8. Bxc3 Qe7 9. e3 e5 10. Be2 Bg4 11. d5 Nb8 12. Nd2 Bxe2 13. Kxe2 c6 14.
dxc6 Nxc6 15. Rhe1 d5 16. cxd5 Nxd5 17. Kf1 Rac8 18.
Qb3 Nxc3 19. bxc3 Na5 20. Qb4 Qc7 21. Rac1 Rfd8 22. Red1 b6 23. Ne4 Nc4 24. Ke2 Qc6 25.
f3 h6 26. g4 b5 27. a4 bxa4 28. Ra1 a3 29. Ra2 Rb8 30. Rxd8+ Rxd8 31. Qc5 Qa6 32.
Kf2 Rb8 33. Kg3 Rb2 34. Ra1 a2 35. Qe7 Qe6 36. Qxa7 Kh7 37. Rxa2 Rb1 38. Ra6 Qd5 39. Ra1 Rxa1 40. Qxa1 Nxe3 41. Qc1 Qd3 42. Nf2 Qe2 0-1

[Event "*** Titled Tuesday Blitz"]
[Site "Chess.com"]
[Date "2018.12.04"]
[Round "1"]
[White "Abdodi"]
[Black "x-3738459472"]
[Result "1-0"]
[WhiteElo "2236"]
[BlackElo "2551"]
[TimeControl "180+2"]
[EndTime "13:08:29 PST"]
[Termination "Abdodi won by resignation"]

1. d4 Nf6 2. Nf3 d5 3. c4 c6 4.
e3 Bf5 5. Nc3 e6 6. Bd2 Nbd7 7.
Rc1 Be7 8. Qb3 Rb8 9. cxd5 exd5 10. Be2 O-O 11. O-O Bd6 12. h3 Re8 13. Na4 Ne4 14.
Bb4 Bc7 15. Bd3 Qf6 16. Be2 Nf8 17. Bxf8 Rxf8 18. Nc3 Rfe8 19. Nxd5 cxd5 20. Rxc7 Qd6 21. Rfc1 a6 22. Ne5 Bg6 23. Nxg6 hxg6 24. Bf3 Nd2 25.
Qxd5 Nxf3+ 26. Qxf3 Qe6 27. a3 Qb3 28. d5 Rf8 29.
R1c2 b5 30. e4 Qa2 31. Qc3 Qb1+ 32. Kh2 Qf1 33. Qf3 Qb1 34. e5 Rbe8 35. Qe3 Qa2 36. Rd2 Qb1 37. d6 Qf5 38. d7 Rd8 39. f4 Kh7 40. g4 Qe6 41. Qe4 f5 42. Qd5 Qe7 43. g5 b4 44. Qd6 Qf7 45. e6 Qg8 46. e7 bxa3 47. exf8=Q Rxf8 48. d8=Q Rxd8 49. Qxd8 Qb3 50. Rc8 1-0

[Event "*** Titled Tuesday Blitz"]
[Site "Chess.com"]
[Date "2018.12.04"]
[Round "1"]
[White "StephenDedalus83"]
[Black "SARGISMV"]
[Result "0-1"]
[WhiteElo "2732"]
[BlackElo "2418"]
[TimeControl "180+2"]
[EndTime "13:08:30 PST"]
[Termination "SARGISMV won by checkmate"]

1. e4 e6 2. d4 d5 3. Nc3 Bb4 4. e5 c5 5. a3 Bxc3+ 6. bxc3 Ne7 7.
Qg4 O-O 8. Bd3 Nbc6 9. Qh5 Ng6 10.
Nf3 Qc7 11. Be3 c4 12. Bxg6 fxg6 13. Qg4 b5 14. h4 Rf5 15. Qh3 h6 16. g4 Rf8 17. Ng1 Bd7 18. Ne2 Ne7 19. h5 gxh5 20. Qxh5 Be8 21. Qh3 Bg6 22. Nf4 Rxf4 23. Bxf4 Rf8 24.
Be3 Bxc2 25. g5 Bf5 26. Qh2 hxg5 27. Bxg5 Ng6 28. Rg1 Kf7 29. Bd2 Rh8 30. Qg3 Rh3 31. Qg5 Qa5 32. Rg3 Rh1+ 33. Rg1 Rh3 34. Kf1 Qa4 35. Qd8 Qc2 36. Qg5 Rd3 37. Ke1 Rf3 38.
Rg3 Qe4+ 39. Kd1 Rxf2 40. Qe3 Rf1+ 41. Be1 Qc2# 0-1

[Event "*** Titled Tuesday Blitz"]
[Site "Chess.com"]
[Date "2018.12.04"]
[Round "1"]
[White "Supernotar"]
[Black "cherryandmint"]
[Result "0-1"]
[WhiteElo "2386"]
[BlackElo "2723"]
[TimeControl "180+2"]
[EndTime "13:08:30 PST"]
[Termination "cherryandmint won by checkmate"]

1. d4 d5 2. c4 e6 3. Nf3 Nf6 4. e3 Bd6 5. Nbd2 b6 6. Bd3 Bb7 7. O-O O-O 8. Qe2 Nbd7 9. b3 Ne4 10. Bb2 Qe7 11. cxd5 exd5 12. Ba6 Bxa6 13. Qxa6 Ndf6 14. Rac1 Qe6 15. Rc2 Qf5 16. Rfc1 Ng4 17. Nf1 Rfe8 18. Qe2 Ngxf2 19. Ne5 c5 20. Qf3 Qe6 21. Rxf2 Nxf2 22. Qxf2 Rac8 23. Ng3 cxd4 24. Rxc8 Rxc8 25. exd4 f6 26.
Nd3 Bxg3 27. hxg3 Qe4 28. Qd2 h5 29. Kh2 h4 30. gxh4 Qxh4+ 31. Kg1 Qe4 32. Bc3 Re8 33. Kf2 Qf5+ 34. Kg1 Qg4 35. Kf2 Re4 36. a4 Qh4+ 37. Kf1 Qh1+ 38. Kf2 Qb1 39. Bb2 Qh1 40. Bc3 Qh4+ 41.
Kf1 Qg3 42. Nf2 Rf4 43. Qe1 Rxf2+ 44. Qxf2 Qxc3 45. Qf4 Qc8 46. Qd6 Qf5+ 47. Kg1 Kh7 48. Qh2+ Kg6 49. Qg3+ Qg5 50. Qd3+ Kf7 51. Qa6 Qe3+ 52.
Kh2 Qf4+ 53. Kh1 Qxd4 54. Qxa7+ Kg6 55. Qd7 Qd1+ 56. Kh2 d4 57. b4 d3 58. a5 bxa5 59. bxa5 d2 60. Qd3+ Kh6 61. Qe3+ g5 62. Qe7 Qh5+ 63.
Kg3 Qh4+ 64. Kf3 d1=Q+ 65. Qe2 Qxe2+ 66. Kxe2 Qa4 67. a6 Qxa6+ 68. Kf3 Kg6 69. g4 f5 70. gxf5+ Kxf5 71. Kg3 g4 72. Kh4 Qd3 73. Kh5 Qh3# 0-1

[Event "*** Titled Tuesday Blitz"]
[Site "Chess.com"]
[Date "2018.12.04"]
[Round "1"]
[White "GremioPrudente"]
[Black "grzechu96"]
[Result "0-1"]
[WhiteElo "2138"]
[BlackElo "2531"]
[TimeControl "180+2"]
[EndTime "13:08:30 PST"]
[Termination "grzechu96 won on time"]

1. Nf3 c5 2. c4 Nc6 3. g3 g6 4. Bg2 Bg7 5. Nc3 e6 6. O-O Nge7 7. Rb1 O-O 8. a3 d5 9. cxd5 exd5 10. d3 a5 11. Bg5 h6 12. Bxe7 Nxe7 13. Qd2 a4 14. Qc2 Qa5 15. Nd2 Be6 16. Nf3 Rfc8 17. Rfd1 b5 18. Rdc1 Nf5 19. Nd1 Rab8 20. Ne3 Nd4 21. Qd1 Nb3 22. Rc2 b4 23. axb4 Qxb4 24. Qe1 Qxe1+ 25.
Rxe1 Na5 26. Nd1 Rb5 27. Nc3 Bxc3 28. bxc3 Nb3 29. c4 dxc4 30. dxc4 Rb4 31. Ne5 f6 32. Nc6 Rxc6 33. Bxc6 Nd4 0-1

[Event "*** Titled Tuesday Blitz"]
[Site "Chess.com"]
[Date "2018.12.04"]
[Round "1"]
[White "dreamist"]
[Black "MerdeNoms943"]
[Result "1-0"]
[WhiteElo "2640"]
[BlackElo "2305"]
[TimeControl "180+2"]
[EndTime "13:08:32 PST"]
[Termination "dreamist won by resignation"]

1. c4 Nf6 2. Nc3 g6 3. g3 Bg7 4.
Bg2 O-O 5. e3 d6 6. Nge2 e5 7.
O-O c6 8. d4 a5 9. b3 Na6 10.
Bb2 Bf5 11. h3 h5 12. Kh2 Nb4 13. Qd2 e4 14. d5 c5 15. Rad1 Nd3 16. Ba1 Ne5 17.
Ng1 h4 18. g4 Nfxg4+ 19. hxg4 Nxg4+ 20. Kh1 h3 21. Bxe4 h2 22. Nf3 Bxc3 23. Qxc3 f6 24.
Bxf5 gxf5 25. Nxh2 Nxh2 26. Kxh2 Rf7 27. Rg1+ Kf8 28.
Rg6 Qe7 29. Rdg1 Ke8 30. Rh6 Kd7 31. e4 Re8 32. Qf3 Kc7 33. Qxf5 b6 34. f3 a4 35.
Bxf6 Qf8 36. Rh7 axb3 37. Rxf7+ Qxf7 38. Rg7 Qxg7 39. Bxg7 b5 40. Qf7+ Kd8 41. Bf6+ 1-0

[Event "*** Titled Tuesday Blitz"]
[Site "Chess.com"]
[Date "2018.12.04"]
[Round "1"]
[White "VeraNebolsina"]
[Black "kleinebeer98"]
[Result "1-0"]
[WhiteElo "2385"]
[BlackElo "2683"]
[TimeControl "180+2"]
[EndTime "13:08:37 PST"]
[Termination "VeraNebolsina won by resignation"]

1. e4 e5 2. Nf3 Nc6 3. Nc3 Nf6 4. d4 exd4 5. Nxd4 Nxe4 6. Nxe4 Qe7 7. f3 d5 8. Bb5 Bd7 9. Bxc6 bxc6 10. O-O dxe4 11.
Re1 O-O-O 12. Rxe4 Qb4 13. Bd2 Qb6 14. Be3 c5 15.
Nb3 Bc6 16. Qe2 Bxe4 17. fxe4 Be7 18. a4 Rhe8 19. a5 Qc6 20. Qc4 Bd6 21. Nd2 f5 22.
Ra3 Be5 23. Rb3 Bd4 24. Bxd4 Rxd4 25. Qf7 fxe4 26. Nf1 Rd6 27. Ne3 Rf6 28. Qc4 Ref8 29. h3 Qd6 30. Qb5 Qd4 31. Qb7+ Kd7 32. Kh2 Qe5+ 33. Kg1 Qd4 34. Kh2 h5 35. Rc3 Qe5+ 36. Kg1 Qd4 37. Kh2 Rf1 38. Nxf1 Rxf1 39. Qb5+ c6 40.
Qxf1 Qe5+ 41. Kg1 e3 42. Qe2 1-0

[Event "*** Titled Tuesday Blitz"]
[Site "Chess.com"]
[Date "2018.12.04"]
[Round "1"]
[White "gmcorrales"]
[Black "amiralfio"]
[Result "1-0"]
[WhiteElo "2781"]
[BlackElo "2407"]
[TimeControl "180+2"]
[EndTime "13:08:38 PST"]
[Termination "gmcorrales won by checkmate"]

1. e4 c5 2. Nf3 e6 3. d4 cxd4 4. Nxd4 Nf6 5. Nc3 Nc6 6. Ndb5 d6 7. Bf4 e5 8. Bg5 a6 9. Bxf6 gxf6 10. Na3 b5 11.
Nd5 Bg7 12. Bd3 Ne7 13. Nxe7 Qxe7 14. c3 f5 15. Nc2 O-O 16. O-O Rb8 17. exf5 e4 18. Re1 d5 19. Be2 Bxf5 20. Ne3 Be6 21.
Nxd5 Qg5 22. Ne3 f5 23. Qd6 Rbe8 24. f4 exf3 25. Bxf3 f4 26. Nd5 Bg4 27. Bxg4 Qxg4 28.
Rxe8 Rxe8 29. Qxf4 Qe6 30. Rd1 Qe2 31. Qd2 Qe5 32.
Kh1 a5 33. h3 Kh8 34. b3 h6 35.
c4 a4 36. cxb5 axb3 37. axb3 Rd8 38. b6 Qg3 39. Qe3 Qb8 40. Qe6 Qg3 41. Rf1 Be5 42. Qxh6+ Kg8 43. Ne7# 1-0

[Event "*** Titled Tuesday Blitz"]
[Site "Chess.com"]
[Date "2018.12.04"]
[Round "1"]
[White "Korchmar_Vasiliy"]
[Black "RiskyDecision"]
[Result "1-0"]
[WhiteElo "2740"]
[BlackElo "2393"]
[TimeControl "180+2"]
[EndTime "13:08:38 PST"]
[Termination "Korchmar_Vasiliy won by resignation"]

1. d4 Nf6 2. c4 e6 3. g3 d5 4. Bg2 dxc4 5. Nf3 Bd7 6. Ne5 Bc6 7. Nxc6 Nxc6 8. O-O Qd7 9. e3 Rd8 10.
Qe2 e5 11. Nc3 exd4 12. exd4+ Be7 13. d5 Nd4 14. Qxc4 Qg4 15. Bf4 Nf3+ 16. Kh1 O-O 17. Qe2 Nd4 18. Qxe7 Qh5 19. Qe5 Nf5 20. h3 Rfe8 21.
Qxc7 g5 22. Bd2 g4 23. h4 Nd6 24. Bg5 Qg6 25. Rae1 h6 26. Rxe8+ Rxe8 27. Bxf6 Qxf6 28. Qc5 Nf5 29. Kg1 Nd4 30. Rd1 Nf3+ 31. Bxf3 gxf3 32. Qd4 Qf5 33. Qf4 Qg6 34. Qxf3 f5 35. d6 Kh7 36. d7 Rd8 37. h5 Qg5 38. Rd5 1-0

[Event "*** Titled Tuesday Blitz"]
[Site "Chess.com"]
[Date "2018.12.04"]
[Round "1"]
[White "ruvat"]
[Black "NikolaGry"]
[Result "0-1"]
[WhiteElo "2301"]
[BlackElo "2639"]
[TimeControl "180+2"]
[EndTime "13:08:39 PST"]
[Termination "NikolaGry won by resignation"]

1. d4 d5 2. Nf3 Nc6 3. c4 Bg4 4. Nc3 Bxf3 5. gxf3 e6 6. e3 Bb4 7. Bd2 Nge7 8. Qc2 a6 9. f4 dxc4 10. Bxc4 Nd5 11. a3 Bxc3 12. bxc3 O-O 13. O-O f5 14.
Kh1 b5 15. Bd3 Na5 16. c4 Nxc4 17. Bxc4 bxc4 18. Qxc4 Qd7 19. Bb4 Rf6 20. Rac1 Rh6 21. Qc6 Qd8 22. Rg1 Rb8 23. Rg5 Rb6 24. Qc5 Rg6 25.
Rcg1 Rxg5 26. Rxg5 h6 27. Rg1 Qa8 28. Rg2 Rc6 29.
Qa5 Rc1+ 30. Be1 Nc3 31. Qxc3 Rxc3 32. Bxc3 Qf3 33. h3 Qxh3+ 34. Kg1 Kf7 35. d5 g5 36. dxe6+ Kxe6 37. fxg5 hxg5 38. Rxg5 Qf3 39. Bd4 Kd5 40. Rg6 c5 41. Bg7 Kc4 42. Rxa6 Qg4+ 43. Kf1 Qxg7 0-1

[Event "*** Titled Tuesday Blitz"]
[Site "Chess.com"]
[Date "2018.12.04"]
[Round "1"]
[White "alishersuleymenov"]
[Black "FearNoEvil12"]
[Result "1-0"]
[WhiteElo "2482"]
[BlackElo "1958"]
[TimeControl "180+2"]
[EndTime "13:08:41 PST"]
[Termination "alishersuleymenov won by checkmate"]

1. d4 b5 2. e4 a6 3. Nf3 Bb7 4.
Bd3 e6 5. O-O Nf6 6. Nbd2 d6 7.
b3 b4 8. a3 a5 9. Bb2 Nbd7 10.
Re1 Rg8 11. e5 Nd5 12. Bxh7 Rh8 13. Be4 g5 14. h3 g4 15. hxg4 dxe5 16. dxe5 Nc5 17.
axb4 axb4 18. Rxa8 Qxa8 19. Qa1 Be7 20. Qxa8+ Bxa8 21.
Ra1 Kd7 22. Ra5 Nxe4 23. Nxe4 Nf4 24. Nc5+ Bxc5 25. Rxc5 Bxf3 26. gxf3 Rh3 27. Bc1 Rxf3 28. Bxf4 Rxf4 29. Rc4 Rxc4 30. bxc4 Kc6 31. f4 Kc5 32. f5 Kd4 33. fxe6 fxe6 34. Kf2 Kxe5 35. Ke3 c5 36. Kf3 Kd4 37. g5 Kc3 38. g6 Kxc2 39. g7 b3 40. g8=Q b2 41. Qg6+ Kc1 42. Qg1+ Kc2 43. Qf2+ Kc3 44.
Qf1 Kc2 45. Qe2+ Kc3 46. Qd1 Kxc4 47. Qc2+ Kd4 48. Qxb2+ Kd5 49. Qc2 e5 50. Qc3 c4 51.
Ke3 Kc5 52. Qxe5+ Kb4 53. Kd2 Kb3 54. Qc3+ Ka2 55. Qb4 c3+ 56. Kxc3 Ka1 57. Kc2 Ka2 58. Qb2# 1-0

[Event "*** Titled Tuesday Blitz"]
[Site "Chess.com"]
[Date "2018.12.04"]
[Round "1"]
[White "1e41-0"]
[Black "silverback96"]
[Result "1/2-1/2"]
[WhiteElo "2495"]
[BlackElo "2114"]
[TimeControl "180+2"]
[EndTime "13:08:42 PST"]
[Termination "Game drawn by repetition"]

1. e4 e6 2. d3 d5 3. Qe2 Nf6 4. g3 Nc6 5. Nf3 dxe4 6. dxe4 e5 7. Bg2 Bc5 8. c3 O-O 9. O-O a5 10. a4 b6 11. Rd1 Ba6 12. Qe1 Qe7 13. Be3 Rad8 14. Nbd2 Bxe3 15. Qxe3 Rd3 16. Qe1 Rfd8 17. Bf1 Qe6 18. Bxd3 Bxd3 19. Nh4 Nd7 20. Nf5 Nc5 21. f3 Bc2 22. Rdc1 Nd3 23. Qe3 Nxc1 24. Rxc1 Bxa4 25. b4 axb4 26. cxb4 Bb5 27. Qg5 Qf6 28. Qe3 Rd3 29. Qf2 g6 30. Nh6+ Kg7 31. Ng4 Qd6 32. Nf1 Nd4 33.
Nge3 Nb3 34. Re1 Nd4 35. h4 Rb3 36. h5 Qxb4 37. hxg6 fxg6 38. g4 Rb2 39. Qg3 Nxf3+ 40. Qxf3 Qxe1 41. g5 Bxf1 42. Qf6+ Kg8 43. Qd8+ Kf7 44.
Qd7+ Kf8 45. Qd8+ Kf7 46. Qd7+ Kf8 47. Qd8+ Kf7 1/2-1/2

[Event "*** Titled Tuesday Blitz"]
[Site "Chess.com"]
[Date "2018.12.04"]
[Round "1"]
[White "dawtonlms"]
[Black "nubair1198"]
[Result "0-1"]
[WhiteElo "2288"]
[BlackElo "2625"]
[TimeControl "180+2"]
[EndTime "13:08:44 PST"]
[Termination "nubair1198 won by resignation"]

1. e4 c6 2. d4 d5 3. exd5 cxd5 4. c4 Nf6 5. Nc3 e6 6. Nf3 Bb4 7. cxd5 Nxd5 8. Bd2 Nc6 9. Bd3 O-O 10. O-O Be7 11.
Qe2 Nf6 12. Rad1 Nxd4 13. Nxd4 Qxd4 14. Be3 Qg4 15. f3 Qb4 16. a3 Qa5 17. Nb5 Bd7 18.
b4 Qa4 19. Bc1 a5 20. bxa5 Rxa5 21. Nc3 Qd4+ 22. Qe3 Qxe3+ 23. Bxe3 Rxa3 24. Bd4 Rc8 25. Nb1 Rb3 26. Bxf6 Bxf6 27. Bxh7+ Kxh7 28. Rxd7 Kg6 29. Nd2 Rb2 30. Ne4 Bd8 31. Rfd1 Bb6+ 32. Kh1 Be3 33.
Nd6 Rcc2 34. Rxb7 Rxg2 35. Rxb2 Rxb2 36. Ne4 Bf4 37. Ng3 Rf2 38. Rd3 f5 39. Kg1 Ra2 40. Nf1 Kf6 41. Rb3 Ke5 42. Kh1 Kf6 43. Kg1 Kg5 44.
Kh1 Be5 45. Kg1 Kh4 46. Rb5 Bd4+ 47. Kh1 Rf2 48. Ng3 Rxf3 49. Rb4 e5 50. Kg2 Rf2+ 51. Kh1 g6 52. Ra4 Kh3 0-1

[Event "*** Titled Tuesday Blitz"]
[Site "Chess.com"]
[Date "2018.12.04"]
[Round "1"]
[White "baki83"]
[Black "kasparik_garik"]
[Result "1-0"]
[WhiteElo "2315"]
[BlackElo "2506"]
[TimeControl "180+2"]
[EndTime "13:08:48 PST"]
[Termination "baki83 won by checkmate"]

1. e4 g6 2. d4 Bg7 3. Nc3 c6 4. h4 h5 5. Nf3 d5 6. Bf4 Bg4 7. Be2 dxe4 8. Nxe4 Nd7 9. Nfg5 Ngf6 10. Bxg4 hxg4 11. c3 O-O 12. Qe2 Nxe4 13. Nxe4 e5 14.
dxe5 Nxe5 15. Bxe5 Bxe5 16. Qxg4 Re8 17. O-O Kg7 18.
Ng5 Bf6 19. Nf3 Re2 20. Rad1 Qc8 21. Rd7 Re7 22. Rfd1 Rxd7 23. Rxd7 Kf8 24. Nd2 Ke8 25. Ne4 Be7 26. Rxe7+ Kxe7 27. Qg5+ Kf8 28. Qh6+ Ke7 29. Qg5+ Kf8 30. Qc5+ Kg8 31. Nf6+ Kh8 32. Qg5 Kg7 33.
Nh5+ Kf8 34. Qh6+ Ke7 35. Qg5+ Kd6 36. Qf4+ Kc5 37. Qb4+ Kd5 38. Nf4+ Ke5 39. Qd4+ Kf5 40. f3 g5 41. g4# 1-0

[Event "*** Titled Tuesday Blitz"]
[Site "Chess.com"]
[Date "2018.12.04"]
[Round "1"]
[White "Morshynska"]
[Black "StanislavNovikov"]
[Result "0-1"]
[WhiteElo "2068"]
[BlackElo "2499"]
[TimeControl "180+2"]
[EndTime "13:08:48 PST"]
[Termination "StanislavNovikov won by resignation"]

1. d4 g6 2. c4 Bg7 3. Nc3 d6 4. Nf3 Bg4 5. h3 Bxf3 6. exf3 c6 7. Be3 Nf6 8. Qd2 d5 9. c5 Nbd7 10. f4 b6 11. cxb6 axb6 12. b4 b5 13. Bd3 Nb6 14.
O-O e6 15. Qc2 O-O 16. a4 bxa4 17. Nxa4 Nxa4 18. Rxa4 Qb6 19. Rfa1 Rxa4 20. Rxa4 Nd7 21.
Qc3 Rb8 22. g4 Bf8 23. Bd2 Qb7 24. Kg2 Ra8 25. Qa3 Rxa4 26. Qxa4 Nb6 27. Qa5 Nc4 28. Bxc4 dxc4 29. Kg3 Qb5 30. Qxb5 cxb5 31. Kf3 Bg7 32. Ke4 f5+ 33. Ke3 Kf7 34. g5 Ke7 35. Bc3 Kd6 36.
f3 Kd5 37. h4 Bf8 38. Ke2 Bd6 39. Ke3 Bc7 40. h5 gxh5 41. Be1 Bb6 42. Bc3 h4 43. Kf2 Bxd4+ 44. Bxd4 Kxd4 0-1

[Event "*** Titled Tuesday Blitz"]
[Site "Chess.com"]
[Date "2018.12.04"]
[Round "1"]
[White "b_6"]
[Black "Antipov_Mikhail_Al"]
[Result "0-1"]
[WhiteElo "2412"]
[BlackElo "2800"]
[TimeControl "180+2"]
[EndTime "13:08:50 PST"]
[Termination "Antipov_Mikhail_Al won by resignation"]

1. Nf3 Nf6 2. g3 d5 3. Bg2 c6 4.
c4 dxc4 5. O-O Nbd7 6. Na3 Nb6 7. Qc2 h6 8. Nxc4 Nxc4 9. Qxc4 Be6 10. Qc2 Qc8 11. Rd1 Bh3 12. Bh1 e6 13. b3 Be7 14.
Bb2 O-O 15. Rac1 a5 16. a3 Rd8 17. d3 Qc7 18. Qc4 Ng4 19. Bg2 Qb6 20. Bd4 Rxd4 21. Qxd4 Qxd4 22. Nxd4 Bxg2 23. Kxg2 Bxa3 24. Rc2 Nf6 25.
Ra1 Bb4 26. Rc4 Nd5 27. e4 Nb6 28. Rcc1 Rd8 29. Nc2 Bc3 30. Rab1 Rxd3 31. Rd1 Bd2 32. Ne1 Rd7 33. Nf3 Bb4 34. Rxd7 Nxd7 35. Kf1 Kf8 36.
Ke2 Nc5 37. e5 Ke7 38. Nd4 Kd7 39. f4 Kc7 40. Nc2 Bc3 41. Rd1 Nxb3 42. Na3 b5 43. Kd3 Bb4 44. Nc2 Bc5 45. Kc3 a4 46. Nb4 Bb6 47.
g4 Ba5 48. Rd6 c5 49. Rc6+ Kb7 0-1

[Event "*** Titled Tuesday Blitz"]
[Site "Chess.com"]
[Date "2018.12.04"]
[Round "1"]
[White "Grieve72"]
[Black "CaptainCasanova"]
[Result "0-1"]
[WhiteElo "2320"]
[BlackElo "2642"]
[TimeControl "180+2"]
[EndTime "13:08:51 PST"]
[Termination "CaptainCasanova won by resignation"]

1. d4 Nf6 2. Bg5 Ne4 3. Bf4 d5 4. e3 Nd7 5. Bd3 Nd6 6. Nd2 e6 7. Ngf3 c5 8. c3 Be7 9. O-O O-O 10. Ne5 Nxe5 11. dxe5 Ne8 12. Bg3 Qb6 13. Qc2 g6 14. f4 c4 15. Be2 Qxe3+ 16. Rf2 Ng7 17. Kf1 Nf5 18. Rf3 Qxf3+ 19. Bxf3 Ne3+ 20. Ke2 Nxc2 21. Rc1 Na3 22. bxa3 Bxa3 23. Rb1 Rb8 24. Bf2 a6 25.
Bb6 Bd7 26. g4 Bc6 27. f5 exf5 28. gxf5 Rfe8 29. Bd4 Bd6 30. e6 fxe6 31. fxg6 hxg6 32. Rg1 Kh7 33. h4 e5 34. Be3 e4 35. Bg4 Be5 36. h5 gxh5 37. Bf5+ Kh8 38. Rg5 Re7 39. Rxh5+ Kg8 40.
Bg5 Rbe8 41. Bg6 Rg7 42. Bf5 Bd7 43. Bxd7 Rxd7 44. Nf1 Rh7 45. Rxh7 Kxh7 46. Ne3 Kg6 47.
Bh4 Rh8 48. Be1 Rd8 49. Bh4 Rd7 50. Kd2 b5 51. a3 d4 52. cxd4 Bxd4 53. Nc2 Bf6+ 0-1

[Event "*** Titled Tuesday Blitz"]
[Site "Chess.com"]
[Date "2018.12.04"]
[Round "1"]
[White "AquivaRubinstein"]
[Black "Dr-Bassem"]
[Result "0-1"]
[WhiteElo "2403"]
[BlackElo "2756"]
[TimeControl "180+2"]
[EndTime "13:08:52 PST"]
[Termination "Dr-Bassem won by resignation"]

1. e4 e5 2. Nf3 Nc6 3. Bb5 a6 4. Ba4 Nf6 5. O-O Be7 6. Re1 b5 7. Bb3 d6 8. c3 O-O 9. d4 Bg4 10.
Be3 exd4 11. cxd4 Na5 12. Bc2 c5 13. d5 Nc4 14. Bc1 Nd7 15. h3 Bh5 16. g4 Bg6 17. Nbd2 Ndb6 18. b3 Bf6 19. Rb1 Nxd2 20. Bxd2 b4 21.
Bf4 Re8 22. Nd2 Bc3 23. Re2 Qf6 24. Bg3 Nxd5 25. Nc4 Nf4 26. Bxf4 Qxf4 27. Qxd6 Qxd6 28. Nxd6 Red8 29. Nf5 Kf8 30. Re3 Rd2 31. Bd3 Bxf5 32. exf5 Bd4 33. Rf3 Rxa2 34. Bc4 Re8 35. Kf1 a5 36.
Re1 Rxe1+ 37. Kxe1 f6 38. h4 h6 39. Rf4 Ke7 40. Re4+ Kd7 41. Re2 Ra1+ 42. Kd2 Be5 43.
Kd3 Kc6 44. Ke4 a4 45. bxa4 Rxa4 46. Bb3 Ra3 47. Bf7 b3 48. Be8+ Kc7 49. Rd2 b2 50.
Rd7+ Kc8 51. Rd1 Ra1 0-1

[Event "*** Titled Tuesday Blitz"]
[Site "Chess.com"]
[Date "2018.12.04"]
[Round "1"]
[White "Rakhmanov_Aleksandr"]
[Black "Evgeny81"]
[Result "0-1"]
[WhiteElo "2787"]
[BlackElo "2592"]
[TimeControl "180+2"]
[EndTime "13:08:53 PST"]
[Termination "Evgeny81 won on time"]

1. c4 Nf6 2. Nc3 c5 3. Nf3 e6 4. e4 d6 5. Be2 Nc6 6. O-O Be7 7. d4 cxd4 8. Nxd4 O-O 9. Be3 Qc7 10. Rc1 Ne5 11. b3 a6 12. f4 Ned7 13. g4 b6 14. g5 Ne8 15. h4 Bb7 16. Bf3 Rc8 17. Qd2 Qb8 18. Bg2 Bd8 19. h5 g6 20. hxg6 hxg6 21.
Kf2 e5 22. Nde2 exf4 23. Bxf4 Ne5 24. Kg1 Ng7 25. Nd5 Bxd5 26. exd5 b5 27. Bh3 Bb6+ 28. Kg2 Rce8 29. Ng3 bxc4 30. bxc4 Nh5 31. Nxh5 gxh5 32.
Bf5 Qd8 33. Qd1 Kg7 34. Rh1 Rh8 35. Rxh5 Rxh5 36. Qxh5 Rh8 37. Qe2 Bd4 38. c5 Rh4 39.
Qd2 dxc5 40. Be4 Qd7 41. Bxe5+ Bxe5 42. Qd3 Qg4+ 43. Kf2 Qxe4 44. Qxe4 Rxe4 0-1

[Event "*** Titled Tuesday Blitz"]
[Site "Chess.com"]
[Date "2018.12.04"]
[Round "1"]
[White "bubacik"]
[Black "DrRiebert"]
[Result "1-0"]
[WhiteElo "2667"]
[BlackElo "2350"]
[TimeControl "180+2"]
[EndTime "13:08:55 PST"]
[Termination "bubacik won by resignation"]

1. d4 d5 2. c4 c6 3. Nc3 Nf6 4. Nf3 dxc4 5. a4 Bf5 6. Nh4 Be6 7. e4 Na6 8. Be2 g6 9. O-O Bg7 10. Nf3 O-O 11. Ng5 Qc8 12. Nxe6 Qxe6 13. e5 Nd5 14. Ne4 Ndb4 15. Be3 Rad8 16. Qc1 Nd3 17. Qc3 c5 18. Bxd3 cxd4 19. Bxc4 Qc6 20. Bxd4 Qxe4 21. Rfd1 Rc8 22. b3 Nc5 23. Bxc5 Rxc5 24. Bxf7+ Rxf7 25. Qxc5 Bxe5 26. Re1 Bd4 27. Qc8+ Rf8 28.
Qxf8+ Kxf8 29. Rxe4 Bxa1 30. Rc4 Be5 31. g3 b6 32. f4 Bd6 33. Rc8+ Kf7 34. Kg2 a5 35. Kf3 Bc5 36. Ke4 Bg1 37. h3 h5 38. g4 hxg4 39. hxg4 Kf6 40. Rc6+ Kf7 41. f5 gxf5+ 42. Kxf5 Be3 43. g5 Bd4 44. g6+ Kg7 45. Re6 Bc5 46.
Kg5 Kg8 47. Kh6 Bd6 48. g7 Bc5 49. Kg6 Bd6 1-0

[Event "*** Titled Tuesday Blitz"]
[Site "Chess.com"]
[Date "2018.12.04"]
[Round "1"]
[White "saraswathii"]
[Black "burbur555"]
[Result "1/2-1/2"]
[WhiteElo "2244"]
[BlackElo "2563"]
[TimeControl "180+2"]
[EndTime "13:08:57 PST"]
[Termination "Game drawn by repetition"]

1. e4 d5 2. exd5 Qxd5 3. Nc3 Qd6 4. d4 Nf6 5. Nf3 c6 6. Be3 Bg4 7. Be2 e6 8. Ne5 Bxe2 9. Qxe2 Be7 10. O-O-O Nbd7 11.
Bf4 Nd5 12. Nxd5 Qxd5 13. c4 Qa5 14. Nxd7 Kxd7 15. Kb1 Bf6 16. d5 exd5 17. cxd5 c5 18. d6 Rhe8 19. Qc2 Re6 20. h4 Rae8 21. g4 Re2 22. Bd2 Qb5 23. Rh3 c4 24. a4 Qb6 25.
g5 Bd4 26. Rf3 f6 27. gxf6 Bxf6 28. Rxf6 gxf6 29. Qxh7+ Kd8 30. a5 Qc6 31. Qf7 Rxd2 32. Rxd2 Re1+ 33. Kc2 Qa4+ 34. Kc3 Qxa5+ 35. Kc2 Qa4+ 36.
Kc3 Rc1+ 37. Kd4 c3+ 38. Ke3 Re1+ 39. Re2 Rxe2+ 40. Kxe2 Qe4+ 41. Kf1 Qh1+ 42. Ke2 Qe4+ 43. Kf1 Qh1+ 44. Ke2 Qe4+ 45. Kf1 Qh1+ 46. Ke2 Qe4+ 47. Kf1 Qh1+ 48. Ke2 1/2-1/2

[Event "*** Titled Tuesday Blitz"]
[Site "Chess.com"]
[Date "2018.12.04"]
[Round "1"]
[White "vovachesss"]
[Black "gemarin"]
[Result "1/2-1/2"]
[WhiteElo "2484"]
[BlackElo "2024"]
[TimeControl "180+2"]
[EndTime "13:09:02 PST"]
[Termination "Game drawn - insufficient material"]

1. e4 c5 2. d4 cxd4 3. c3 dxc3 4. Nxc3 e6 5. Nf3 a6 6. Bc4 Nc6 7. O-O Nge7 8. Bg5 b5 9. Bb3 Qb6 10. Re1 Ng6 11. Nd5 Qb8 12. Rc1 Bd6 13. Nb6 Bxh2+ 14.
Nxh2 Qxb6 15. Qd6 Rb8 16. Bd5 Nce7 17. Qxb6 Rxb6 18. Be3 Rb7 19. Rxc8+ Nxc8 20. Bxb7 Nd6 21. Bxa6 Nxe4 22. Bxb5 Ke7 23. f3 Ng3 24. Rd1 d6 25. Kf2 Nf5 26. Rc1 Nxe3 27. Rc7+ Kf6 28. Kxe3 Rb8 29. Ng4+ Kg5 30. a4 f5 31. Nf2 Kf6 32. Nd3 Ne7 33. Nb4 h6 34. Rxe7 Rxb5 35. axb5 Kxe7 36.
Nc6+ Kd7 37. Kd4 Kc7 38. Kc4 g5 39. Ne7 h5 40. Ng6 g4 41. f4 Kb6 42. Kb4 e5 43. fxe5 dxe5 44. Nxe5 f4 45. Nc4+ Kb7 46. Kc3 h4 47.
Kd3 h3 48. gxh3 gxh3 49. Nd6+ Kb6 50. Ne4 Kxb5 51. Nf2 h2 52. Ke4 Kb4 53. Kxf4 Kb3 54. Kg3 Kxb2 55. Kxh2 1/2-1/2